 Dungeon Crawl Stone Soup version 0.31-a0-216-g22e908daa7 (webtiles) character file.

Game seed: 16156134595069887443

23 qw the Shooter (level 2, -1/17 HPs)
             Began as a Gargoyle Hexslinger on July 2, 2023.
             Slain by an adder (2 damage)
             ... on level 2 of the Dungeon.
             The game lasted 00:00:18 (834 turns).

qw the Shooter (Gargoyle Hexslinger)                 Turns: 834, Time: 00:00:19

Health: -1/17      AC:  4    Str: 11    XL:     2   Next: 95%
Magic:  3/3        EV: 12    Int: 13    God:
Gold:   17         SH:  0    Dex: 12    Spells: 2/3 levels left

rFire   . . .        Y - +2 sling
rCold   . . .        (no shield)
rNeg    + . .        c - +0 robe
rPois   inf          (no helmet)
rElec   +            (no cloak)
rCorr   .            (no gloves)
SInv    .            (no boots)
Will    .....        (no amulet)
Stlth   +            (no ring)
HPRegen 0.22/turn    (no ring)
MPRegen 0.08/turn

%: no passive effects
@: hasted (expiring), very quick
A: sickness immunity, AC +2, negative energy resistance 1, electricity
resistance, torment resistance 1, petrification resistance
a: no special abilities


You were on level 2 of the Dungeon.
You visited 1 branch of the dungeon, and saw 2 of its levels.

You collected 17 gold pieces.


Innate Abilities, Weirdness & Mutations

You are immune to sickness and miasma.
Your stone body is resilient. (AC +2)
You are immune to poison.
You resist negative energy. (rN+)
You are resistant to electric shocks. (rElec)
You are resistant to unholy torment.
You are immune to petrification.


   Skills:
 + Level 1.8 Fighting
 - Level 3.0 Ranged Weapons
 - Level 1.5 Dodging
 - Level 1.0 Spellcasting
 - Level 2.6 Hexes


You had 2 spell levels left.
You knew the following spells:

 Your Spells              Type           Power      Damage    Failure   Level
a - Slow                  Hex            28%        N/A       10%         1

Your spell library contained the following spells:

 Spells                   Type           Power      Damage    Failure   Level
 Inner Flame              Hex/Fire       4%         N/A       43%         3
 Portal Projectile        Hex/Tloc       8%         N/A       43%         3
 Cause Fear               Hex            3%         N/A       67%         4

Inventory:

Hand Weapons
 Y - a +2 sling (weapon)
Armour
 c - a +0 robe (worn)
Potions
 d - a potion of haste
 i - a potion of curing {unknown}

Dungeon Overview and Level Annotations

Branches:
Dungeon (2/15)

Altars:

Annotations:
D:2 Jessica


Message History

The kobold completely misses you.
You shoot a sling bullet.
The sling bullet barely misses the kobold.
You hear an angry hiss.
An adder comes into view.
You shoot a sling bullet. The sling bullet hits the kobold.
The kobold is severely wounded.
Jessica the Apprentice Sorceress comes into view.
She is wielding a +0 dagger of speed.
The kobold hits you with a +0 dagger.
You shoot a sling bullet.
The sling bullet closely misses the kobold.
The kobold hits you but does no damage.
Jessica gestures wildly while chanting.
Jessica seems to speed up.
The goblin hits you but does no damage.
You shoot a sling bullet.
The sling bullet barely misses the kobold.
Your extra speed is starting to run out.
The kobold barely misses you. The goblin hits you with a +0 club.
You shoot a sling bullet. The sling bullet hits the kobold.
You kill the kobold!
The goblin misses you. Jessica barely misses you.
You shoot a sling bullet. The sling bullet hits the goblin.
You kill the goblin!
Jessica misses you.
Jessica hits you with a +0 dagger of speed.
You shoot a sling bullet.
The sling bullet barely misses the endoplasm.
Jessica barely misses you.
You shoot a sling bullet. The sling bullet hits the endoplasm.
The endoplasm is heavily wounded.
Jessica casts a spell at you. Pain shoots through your body!
The endoplasm freezes you.
You are frozen.
Jessica casts a spell.
Jessica blinks!
You shoot a sling bullet. The sling bullet hits the endoplasm.
You kill the endoplasm!
The adder bites you.
You die...

.. ...
...####
.......
...@... ###
#......###.#
#.......##.#
#.....)@..<#
#.....S#####
####... ##..
#.) #.. #..
#..


You could see an adder and Jessica (fast).

Vanquished Creatures
  4 endoplasms
  2 giant cockroaches (D:1)
  2 goblins
  3 hobgoblins (D:1)
  2 kobolds
  2 quokkas (D:1)
  2 ball pythons (D:1)
  A bat (D:1)
  2 frilled lizards (D:1)
  A rat (D:1)
21 creatures vanquished.

Notes
Turn   | Place    | Note
-------+----------+-------------------------------------------
     0 | D:1      | qw the Gargoyle Hexslinger began the quest for the Orb.
     0 | D:1      | Reached XP level 1. HP: 12/12 MP: 2/2
     0 | D:1      | 0 ||| qw: Version: 0.3-a-35-g05ef00e
     0 | D:1      | 0 ||| qw: Game counter: 7815
     0 | D:1      | 0 ||| qw: Melee chars always use a shield: true
     0 | D:1      | 0 ||| qw: God list: Okawaru
     0 | D:1      | 0 ||| qw: Allow faded altars: false
     0 | D:1      | 0 ||| qw: Do Orc after clearing Dungeon:15 true
     0 | D:1      | 0 ||| qw: Do second Lair branch before Depths: true
     0 | D:1      | 0 ||| qw: Lair rune preference: random
     0 | D:1      | 0 ||| qw: Goals: Normal
     0 | D:1      | 0 ||| PLANNING D:1-11
    72 | D:1      | Reached XP level 2. HP: 16/16 MP: 3/3
   257 | D:1      | Reached skill level 3 in Ranged Weapons
   339 | D:1      | Found a faded altar of an unknown god.
   672 | D:1      | 672 ||| READING scroll labelled PIUPTU ZEUVAZA.
   673 | D:1      | 673 ||| READING scroll labelled LOIFRU QIUSO.
   678 | D:1      | 678 ||| READING scroll labelled HUNYPH ODEIDUO.
   679 | D:1      | 679 ||| READING scroll labelled HOLEYV KEDOYJ.
   680 | D:1      | 680 ||| READING scroll labelled ACHEVEAGIU.
   781 | D:1      | 781 ||| DRINKING 2 metallic inky potions.
   782 | D:1      | 782 ||| DROPPING scroll of poison.
   827 | D:2      | Noticed Jessica
   833 | D:2      | HP: 3/17 [Jessica/nerve-wracking pain (6)]
   833 | D:2      | HP: 1/17 [frozen (2)]
   834 | D:2      | Slain by an adder

Levels and vault maps discovered:
D:1:      psy_arrival_terrarium, layout_loops_ring,
          shapermc_ecumenical_altar_venn, patterned_corridor
D:2:      layout_basic, minmay_misc_feat_four_crosses, uniq_natasha,
          uniq_jessica

Skill      XL: |  1  2 |
---------------+-------+-----
Ranged Weapons | 3 |  3.0
Fighting       | |  1.8
Dodging        | |  1.5
Spellcasting   | |  1.0
Hexes          | |  2.6

Action                     || total
---------------------------++-------
   Fire: Sling             ||    73
    Use: Scroll            ||     5
         Potion            ||     1
 Armour: Robe              ||     7
  Dodge: Dodged            ||    20

Table legend:
 A = Non-vault XP
 B = Vault XP
 C = Vault XP percentage of total XP
 D = Non-vault monster count
 E = Vault monster count
 F = Vault count percentage of total count
                 A         B        C        D         E       F
            +---------+---------+-------+---------+---------+-------
      Total |      35 |       0 |   0.0 |      21 |       0 |   0.0
            +---------+---------+-------+---------+---------+-------
        D:1 |      30 |       0 |   0.0 |      18 |       0 |   0.0
        D:2 |       5 |       0 |   0.0 |       3 |       0 |   0.0
            +---------+---------+-------+---------+---------+-------
